AoeStats
← e.zhakiya

Highland

506404458Analyzed
2v2 RM · 20d ago on Sep 13, 2026· 59m 49s· 4 players
Game mode
Random Map
Map size
Medium (4 player)
Population
200
Speed
Normal
Resources
Standard
Victory
Conquest
Starting age
Dark Age
Ending age
Imperial Age
RankedLock teamsTeams togetherTeam positionsShared explorationLock speedFull tech treeHidden civsTurbo modeCheats
Victory
Defeat
🇰🇿 Bulgarians · Kazakhstan
987
+13
🇺🇸 Japanese · United States
860
+18
🇨🇭 Spanish · Switzerland
924
-16
🇨🇭 Italians · Switzerland
898
-15
Mimosoa X Orange Punch
16:05 Feudal Age
19:10 Fishing Lines
22:11 Double-Bit Axe
31:11 Castle Age
32:43 Ballistics
32:34 Fortified Wall
32:36 Clinker Construction
32:56 Medium Warships
32:37 Gillnets
37:07 Imperial Age
35:29 Careening
35:22 Demolition Ship
39:00 Chemistry
38:21 Dry Dock
38:22 Carvel Hull
38:08 Siphons
39:30 Heavy Warships
39:19 Elite Cannon Galleon
44:13 Town Watch
44:13 Loom
52:36 Padded Archer Armor
56:30 Conscription
57:39 Fletching
twitch.tv/RiZeofCRO
3:37 Loom
13:39 Feudal Age
21:58 Castle Age
22:54 Medium Warships
23:53 Double-Bit Axe
24:07 Horse Collar
28:06 Fletching
29:20 Wheelbarrow
28:31 Town Watch
30:43 Bloodlines
31:27 Scale Barding Armor
31:41 Forging
32:50 Husbandry
33:12 Chain Barding Armor
35:26 Heavy Plow
36:34 Hand Cart
37:04 Fortified Wall
37:24 Bow Saw
38:34 Gold Mining
38:35 Stone Mining
39:31 Iron Casting
40:28 Bodkin Arrow
40:33 Padded Archer Armor
40:37 Elite Skirmisher
41:23 Thumb Ring
45:19 Imperial Age
43:49 Leather Archer Armor
45:48 Cavalier
48:37 Plate Barding Armor
49:02 Blast Furnace
53:14 Conscription
e.zhakiya
9:25 Feudal Age
10:50 Double-Bit Axe
12:31 Loom
19:32 Castle Age
21:26 Wheelbarrow
23:08 Man-at-Arms
24:01 Long Swordsman
24:47 Scale Mail Armor
29:00 Bow Saw
30:38 Chain Mail Armor
31:38 Gambesons
36:14 Imperial Age
35:33 Forging
35:28 Squires
37:06 Elite Skirmisher
37:17 Two-Handed Swordsman
38:31 Plate Mail Armor
38:23 Fletching
38:44 Champion
40:44 Bodkin Arrow
40:51 Padded Archer Armor
45:16 Iron Casting
48:59 Hand Cart
51:49 Pikeman
52:34 Halberdier
55:32 Conscription
57:17 Blast Furnace
bzhakiyanov
2:37 Loom
11:24 Feudal Age
12:51 Double-Bit Axe
12:50 Horse Collar
22:00 Castle Age
20:01 Fletching
20:16 Stone Mining
21:03 Forging
21:04 Padded Archer Armor
22:58 Bow Saw
23:13 Bodkin Arrow
24:01 Stone Shaft Mining
23:55 Heavy Plow
25:02 Squires
24:50 Arson
25:55 Gold Mining
26:52 Elite Skirmisher
28:49 Leather Archer Armor
29:59 Gold Shaft Mining
36:14 Imperial Age
33:52 Pikeman
35:04 Squires
36:24 Wheelbarrow
36:17 Stirrups
36:18 Halberdier
37:44 Hand Cart
38:31 Conscription
40:01 Crop Rotation
40:16 Bracer
40:52 Iron Casting
40:25 Husbandry
40:36 Bloodlines
41:41 Elite Konnik
43:11 Scale Barding Armor
44:35 Scale Mail Armor
45:35 Caravan
46:31 Gambesons
50:10 Cavalier
54:02 Bagains
55:11 Chain Mail Armor
55:56 Blast Furnace
56:12 Plate Mail Armor
56:02 Chain Barding Armor
Connection lost

Rejoining the realm…

Still unreachable

The connection could not be restored.

Session expired

The server has moved on; the page needs a fresh start.